 Dungeon Crawl Stone Soup version 0.27-a0-34-gc18c9092ac (webtiles) character file.

Game seed: 4174947865310283569

3203 robertstho the Quickloader (level 10, -6/63 HPs)
             Began as a Kobold Hunter on Jan 4, 2021.
             Was an Initiate of Okawaru.
             Mangled by a two-headed ogre
             ... wielding a +0 giant spiked club
              (12 damage)
             ... on level 8 of the Dungeon.
             The game lasted 00:15:39 (10268 turns).

robertstho the Quickloader (Kobold Hunter)         Turns: 10268, Time: 00:15:40

Health: -6/63      AC: 12    Str: 12    XL:     10   Next: 17%
Magic:  10/10      EV:  6    Int: 13    God:    Okawaru [......]
Gold:   153        SH:  5    Dex: 16    Spells: 9/9 levels left

rFire    . . .     SeeInvis +   a - +1 hand crossbow
rCold    . . .     Faith    .   (shield restricted)
rNeg     . . .     Spirit   .   h - +0 plate armour
rPois    .         Reflect  +   l - +0 helmet
rElec    .         Harm     .   (no cloak)
rCorr    .         Rampage  .   (no gloves)
Will     +....                  (no boots)
Stlth    ..........             t - amulet of reflection
HPRegen  0.20/turn              s - ring of see invisible
MPRegen  0.12/turn              n - ring of willpower

@: no status effects
A: small, nightstalker 3
a: Renounce Religion


You were on level 8 of the Dungeon.
You worshipped Okawaru.
Okawaru was noncommittal.
You visited 2 branches of the dungeon, and saw 9 of its levels.
You also visited: Sewer.

You collected 460 gold pieces.
You spent 307 gold pieces at shops.

Inventory:

Hand Weapons
 a - a +1 hand crossbow (weapon)
 b - a +2 vampiric falchion
 d - a +1 vorpal scimitar
Missiles
 c - 18 bolts (quivered ammo)
Armour
 h - a +0 plate armour (worn)
 l - a +0 helmet (worn)
Jewellery
 n - a ring of willpower (right hand)
 o - an uncursed amulet of the acrobat {unknown}
 q - an uncursed ring of protection from cold
 s - a ring of see invisible (left hand)
 t - an amulet of reflection (around neck)
Wands
 f - a wand of acid (20)
 w - a wand of paralysis (5)
 y - a wand of polymorph (6)
 B - a wand of iceblast (20)
Scrolls
 e - a scroll of teleportation {unknown}
 g - 4 scrolls of magic mapping
 m - 4 scrolls of immolation
 r - a scroll of fear
 u - 3 scrolls of remove curse
 v - a scroll of enchant armour
 x - 3 scrolls of identify
Potions
 i - a potion of lignification
 j - 7 potions of flight
 k - 3 potions of might
 p - a potion of resistance


   Skills:
 * Level 7.6 Fighting
 + Level 3.3(4.4) Short Blades
 + Level 2.6(3.0) Long Blades
 * Level 11.2 Crossbows
 + Level 3.2 Armour
 + Level 3.2 Dodging
 * Level 6.9 Stealth
 + Level 1.1 Shields


You had 9 spell levels left.
You didn't know any spells.
Your spell library contained the following spells:

 Spells                   Type           Power        Failure   Level
 Beastly Appendage        Tmut           0%           100%        1
 Shock                    Conj/Air       0%           100%        1
 Swiftness                Air            0%           100%        2
 Wereblood                Tmut           0%           100%        2
 Spider Form              Tmut/Pois      0%           100%        3
 Static Discharge         Conj/Air       0%           100%        3
 Airstrike                Air            0%           100%        4
 Ice Form                 Ice/Tmut       0%           100%        4
 Blade Hands              Tmut           0%           100%        5
 Lightning Bolt           Conj/Air       0%           100%        5


Dungeon Overview and Level Annotations

Branches:
Dungeon (8/15)             Temple (1/1) D:7           Sewer (visited)
   Lair: D:8-11

Altars:
Cheibriados
Dithmenos
Elyvilon
Fedhas
Hepliaklqana
Kikubaaqudgha
Makhleb
Nemelex Xobeh
Okawaru
Ru
Sif Muna
Trog
Wu Jian
Xom
Yredelemnul
Zin
The Shining One

Shops:
D:4 [:?!   D:6 }

Annotations:
D:2 1 runed translucent door
D:4 Scroll shop potion shop


Innate Abilities, Weirdness & Mutations

You are small and have problems with some larger weapons.
You are completely attuned to the shadows.


Message History

* * * LOW HITPOINT WARNING * * *
Fire: 21 bolts
Press: ? - help, Q - select action, (/) - cycle Shift-Dir - straight line, f/p - two-headed ogre
Aim: a two-headed ogre, wielding a +0 giant spiked club and a +0 giant club (almost dead)
You shoot a bolt. The bolt hits the two-headed ogre.
The two-headed ogre is almost dead.
You block the two-headed ogre's attack. The two-headed ogre closely misses you.
Fire: 20 bolts
Press: ? - help, Q - select action, (/) - cycle Shift-Dir - straight line, f/p - two-headed ogre
Aim: a two-headed ogre, wielding a +0 giant spiked club and a +0 giant club (almost dead)
You shoot a bolt.
The bolt hits the two-headed ogre but does no damage.
The two-headed ogre is almost dead.
Fire: 19 bolts
Press: ? - help, Q - select action, (/) - cycle Shift-Dir - straight line, f/p - two-headed ogre
Aim: a two-headed ogre, wielding a +0 giant spiked club and a +0 giant club (almost dead)
You shoot a bolt.
The bolt barely misses the two-headed ogre.
The two-headed ogre hits you with a +0 giant spiked club!
You die...

#.. #.#### #.#..### .#..#....
#....... ...((.... #<......
....(... #.#..... ....O.#
#.#.#### #..@##### #.#.###.
#........ #....... ##..#####
#.#.###[ #..## #.#..... #...#
###.#[.... #...############
.......... #..............#
....#.#########..##########.#
..............#...# #.#


You could see a two-headed ogre.

Vanquished Creatures
  Maggie (D:6)
  Grinder (D:4)
  Edmund (D:4)
  Eustachio (D:5)
  Menkaure (D:6)
  A water moccasin (D:6)
  Duvessa (D:6)
  A sky beast (D:6)
  An orc warrior (D:6)
  A phantom (D:4)
  An ogre (D:6)
  2 necrophages
  3 centaurs
  3 big kobolds
  4 bullfrogs (D:6)
  A gnoll sergeant (D:6)
  Dowan (D:6)
  2 scorpions
  A human zombie (D:2)
  An orc priest (D:6)
  2 bullfrog skeletons
  3 orc wizards
  2 worker ants (D:4)
  A hound zombie (D:7)
  A hound skeleton (D:5)
  A worker ant zombie (D:7)
  3 gnolls (D:6)
  10 river rats (Sewer)
  13 adders
  A white imp (D:6)
  An ooze (D:3)
  An adder skeleton (D:7)
  3 worms
  3 dart slugs
  4 leopard geckos
  16 orcs
  6 ball pythons
  7 giant cockroaches
  11 goblins
  3 hobgoblins
  2 jackals (D:3)
  29 kobolds
  3 quokkas
  15 bats
  3 frilled lizards
  A jackal skeleton (D:4)
  23 rats
197 creatures vanquished.

Vanquished Creatures (others)
  A withered plant (D:2)
1 creature vanquished.

Grand Total: 198 creatures vanquished

Notes
Turn   | Place    | Note
-------+----------+-------------------------------------------
     0 | D:1      | robertstho the Kobold Hunter began the quest for the Orb.
     0 | D:1      | Reached XP level 1. HP: 12/12 MP: 1/1
    83 | D:1      | Reached skill level 5 in Crossbows
   205 | D:1      | Reached XP level 2. HP: 17/17 MP: 2/2
   955 | D:2      | Reached XP level 3. HP: 22/22 MP: 3/3
  1158 | D:2      | Found a runed translucent door.
  1158 | D:2      | Noticed a human
  1177 | D:2      | Reached skill level 6 in Crossbows
  1177 | D:2      | Reached XP level 4. HP: 12/28 MP: 4/4
  1562 | D:2      | Found an ancient bone altar of Kikubaaqudgha.
  1683 | D:2      | Reached XP level 5. HP: 32/32 MP: 5/5
  2119 | D:3      | Found a glowing drain.
  2127 | Sewer    | Entered a sewer
  2294 | Sewer    | Noticed a big kobold
  2301 | Sewer    | Killed a big kobold
  2302 | Sewer    | Reached skill level 7 in Crossbows
  2302 | Sewer    | Reached XP level 6. HP: 26/38 MP: 6/6
  2974 | Sewer    | Reached skill level 1 in Armour
  2974 | Sewer    | Reached XP level 7. HP: 38/44 MP: 7/7
  3688 | D:3      | Reached skill level 8 in Crossbows
  4130 | D:4      | Noticed Grinder
  4143 | D:4      | Killed Grinder
  4144 | D:4      | Reached XP level 8. HP: 20/48 MP: 8/8
  4408 | D:4      | Found Loacapt's Antique Armour Boutique.
  4463 | D:4      | Noticed Edmund
  4484 | D:4      | Killed Edmund
  4485 | D:4      | Reached skill level 5 in Fighting
  4485 | D:4      | Reached skill level 9 in Crossbows
  4824 | D:4      | Found Vet Pal's Book Emporium.
  4827 | D:4      | Found Pehig's Magic Scroll Shoppe.
  4832 | D:4      | Bought a scroll of remove curse for 30 gold pieces
  4832 | D:4      | Bought a scroll of magic mapping for 35 gold pieces
  4832 | D:4      | Bought a scroll of enchant armour for 75 gold pieces
  4832 | D:4      | Bought a scroll of immolation for 35 gold pieces
  4936 | D:4      | Found Koegu's Distillery.
  4941 | D:4      | Bought a potion of degeneration for 12 gold pieces
  5260 | D:5      | Entered Level 5 of the Dungeon
  5333 | D:5      | Noticed Eustachio
  5338 | D:5      | Killed Eustachio
  5619 | D:5      | Reached skill level 10 in Crossbows
  6128 | D:6      | Reached skill level 5 in Stealth
  6162 | D:6      | Found a sacrificial altar of Ru.
  6547 | D:6      | Reached XP level 9. HP: 31/55 MP: 9/9
  6716 | D:6      | Noticed Dowan
  6717 | D:6      | Noticed Duvessa
  6731 | D:6      | Killed Duvessa
  6751 | D:6      | Killed Dowan
  6894 | D:6      | Noticed Maggie
  6934 | D:6      | Killed Maggie
  6935 | D:6      | Reached skill level 1 in Short Blades
  7392 | D:6      | Noticed Menkaure
  7398 | D:6      | Killed Menkaure
  7399 | D:6      | Reached skill level 1 in Long Blades
  7611 | D:6      | Found Jotuelin's Gadget Emporium.
  7699 | D:6      | Found a snail-covered altar of Cheibriados.
  7724 | D:6      | Reached skill level 11 in Crossbows
  7724 | D:6      | Reached skill level 1 in Shields
  7862 | D:6      | Reached XP level 10. HP: 53/63 MP: 10/10
  8491 | D:4      | Bought a potion of attraction for 36 gold pieces
  8491 | D:4      | Bought a potion of lignification for 36 gold pieces
  8491 | D:4      | Bought a potion of might for 48 gold pieces
  9395 | D:7      | Found a staircase to the Ecumenical Temple.
  9677 | Temple   | Entered the Ecumenical Temple
  9802 | Temple   | Became a worshipper of Warmaster Okawaru
 10256 | D:8      | Noticed a two-headed ogre
 10268 | D:8      | Mangled by a two-headed ogre

Illustrated notes

Levels and vault maps discovered:
D:1:      dpeg_arrival_orchard, layout_basic
D:2:      minmay_wonky_spiral, layout_rooms, kiku_gazebo_garden_becter,
          dk_yredelemnul_ordeal
D:3:      layout_loops_ring, portal_sewer_entry_d
D:4:      layout_loops_ring, serial_shops, shop, shop, shop, nicolae_shop_trees,
          uniq_grinder, uniq_edmund
D:5:      layout_basic, uniq_eustachio
D:6:      layout_basic, chequers_temple_overflow_statue_of_worship,
          serial_shops, shop, uniq_menkaure, uniq_duvessa, uniq_maggie
D:7:      layout_basic, temple_hall
D:8:      wander_kiku_kobolds, layout_basic, nicolae_tso_besieged_by_evil
Temple:   dpeg_five_rooms_temple

Skill      XL: |  1  2  3  4  5  6  7  8  9 10 |
---------------+-------------------------------+-----
Crossbows      | 5 6 7 8 10 11 | 11.2
Fighting       | 3 4 6 7 |  7.6
Stealth        | 2 3 4 5 6 |  6.9
Armour         | 1 3 |  3.2
Dodging        | 3 |  3.2
Short Blades   | 3 |  3.3
Long Blades    | 1 2 |  2.6
Shields        | 1 |  1.1

Action                   |  1- 3 |  4- 6 |  7- 9 | 10-12 || total
-------------------------+-------+-------+-------+-------++-------
Melee: Short sword       |       |       |    56 |       ||    56
       Scimitar          |       |       |    64 |    35 ||    99
 Fire: Hand crossbow     |    54 |   153 |   244 |    63 ||   514
Evoke: Wand              |       |       |     1 |       ||     1
  Use: Scroll            |       |       |    13 |       ||    13
       Potion            |       |       |    17 |       ||    17
Armor: Leather armour    |     4 |    16 |     7 |       ||    27
       Chain mail        |       |       |    45 |       ||    45
       Plate armour      |       |       |    34 |    41 ||    75
       Steam dragon scal |       |       |     3 |       ||     3
Dodge: Dodged            |     6 |    74 |   131 |    20 ||   231
Block: Other             |       |       |    37 |    15 ||    52
       Rpst.: Scimitar   |       |       |     8 |     3 ||    11

Table legend: (Time is in decaauts)
 A = Elapsed time spent in this place.
 B = Non-inter-level travel time spent in this place.
 C = Inter-level travel time spent in this place.
 D = Time resting spent in this place.
 E = Time spent auto-exploring this place.
 F = Levels seen in this place.
 G = Mean time per level.
                   A        B        C        D        E       F      G
               +--------+--------+--------+--------+--------+-----+--------+
         Total |  10379 |   9596 |    783 |    765 |   7374 |  10 | 1037.9 |
       Dungeon |   8964 |   8254 |    710 |    527 |   6504 |   8 | 1120.5 |
        Temple |    198 |    125 |     73 |      0 |    121 |   1 |  198.0 |
         Sewer |   1216 |   1216 |      0 |    238 |    748 |   1 | 1216.0 |
               +--------+--------+--------+--------+--------+-----+--------+

Top non-repeatable levels by time:
     D:6: 2007 daAuts
     D:4: 1419 daAuts
     D:5: 1316 daAuts
     D:7: 1265 daAuts
   Sewer: 1216 daAuts
     D:2: 974 daAuts
     D:1: 916 daAuts
     D:3: 903 daAuts
  Temple: 198 daAuts
     D:8: 159 daAuts
